AoeStats
← Topi-Petteri

Arabia

507242156Analyzed
1v1 RM · 15d ago on Sep 17, 2026· 24m 4s· 2 players
Game mode
Random Map
Map size
Tiny (2 player)
Population
200
Speed
Normal
Resources
Standard
Victory
Conquest
Starting age
Dark Age
Ending age
Imperial Age
RankedLock teamsTeams togetherTeam positionsShared explorationLock speedFull tech treeHidden civsTurbo modeCheats
Victory
Defeat
🇫🇮 Poles · Finland
755
+15
🇩🇪 Lithuanians · Germany
723
-36
Maltitalis
9:47 Loom
13:05 Feudal Age
13:32 Double-Bit Axe
14:38 Gold Mining
24:07 Loom
Topi-Petteri
10:15 Feudal Age
10:10 Loom
12:51 Double-Bit Axe
17:43 Forging
17:38 Scale Barding Armor
18:21 Man-at-Arms
19:57 Town Watch
20:48 Wheelbarrow
23:44 Castle Age
22:50 Scale Mail Armor
23:58 Bloodlines
Connection lost

Rejoining the realm…

Still unreachable

The connection could not be restored.

Session expired

The server has moved on; the page needs a fresh start.